[Event "Team 45 45 League T66"]
[Site "Internet Chess Club"]
[Date "2015.09.11"]
[Round "2"]
[White "Electryon"]
[Black "GideonL"]
[Result "1/2-1/2"]
[WhiteElo "1366"]
[BlackElo "1521"]
[Opening "English: symmetrical variation"]
[ECO "A30"]
[Time "10:04:25"]
[TimeControl "2700+45"]

1. c4 c5 2. g3 Nf6 3. Bg2 Nc6 4. Nc3 d6 5. d3 Bd7 6. e4 e5 7. Nge2 Be7 8. O-O
O-O 9. h3 Be6 10. Nd5 Bxd5 11. exd5 Nd4 12. Bd2 b6 13. b4 Nxe2+ 14. Qxe2 Qc7 15.
a4 Rfe8 16. a5 Rab8 17. axb6 axb6 18. Ra2 Ra8 19. Rfa1 Qb7 20. Qd1 Rxa2 21. Rxa2
Ra8 22. Qb3 Rxa2 23. Qxa2 Nd7 24. Qa4 h6 25. Be4 Nf6 26. Bg2 Qd7 27. Qa8+ Kh7
28. bxc5 bxc5 29. Kh2 Qf5 30. f4 Qxd3 31. fxe5 Qxd2 32. exf6 Bxf6 33. Qc6 Be5
34. Qd7 Qd3 35. Qg4 f5 36. Qf3 Qxf3 37. Bxf3 g5 38. Bh5 f4 39. gxf4 gxf4 40. Kg2
Kg7 41. Kf3 Kf6 42. Kg4 Ke7 43. Kf5 Kd7 44. Kg6 Kc7 45. Kxh6 Kb6 46. Kg5 Ka5 47.
Be2 Kb4 48. Kg4 Kc3 49. Kf3 Kd4 50. h4 Kc3 51. h5 Kd2 52. h6 Kc3 53. h7 Kd2 54.
Bf1 Ke1 55. Bh3 Kd2 56. Bd7 Kc3 57. Bb5 Kb4 58. h8=Q Bxh8 59. Kxf4 Be5+ 60. Kf5
Kc3 61. Ke6 Kd4 62. Kf5 Ke3 63. Kg4 Kd3 64. Kf3 {Game drawn by mutual agreement}
1/2-1/2

[Event "Team 45 45 League T66"]
[Site "Internet Chess Club"]
[Date "2015.09.15"]
[Round "2"]
[White "guyd52"]
[Black "Aquaman"]
[Result "1-0"]
[WhiteElo "1357"]
[BlackElo "1280"]
[Opening "Réti opening"]
[ECO "A04"]
[Time "19:45:18"]
[TimeControl "2700+45"]

1. Nf3 c5 2. g3 Nc6 3. Bg2 e5 4. d3 d5 5. Nbd2 f6 6. O-O Be6 7. e4 Nge7 8. exd5
Nxd5 9. Ne4 Be7 10. c4 Ndb4 11. Ne1 Bxc4 12. Be3 Bxd3 13. Nxd3 Nxd3 14. Qb3 b6
15. Rfd1 Qc7 16. Rxd3 Rd8 17. Rxd8+ Bxd8 18. Rd1 Nd4 19. Bxd4 cxd4 20. Bf3 f5
21. Qb5+ Kf7 22. Qd5+ Kf8 23. Nd6 Bf6 24. Nxf5 g6 25. Nh6 Kg7 26. Ng4 Rd8 27.
Nxf6 Kxf6 28. Qb3 Qe7 29. Rc1 Rd6 30. Be4 g5 31. Qf3+ Kg7 32. Qf5 Rg6 33. Rc6
Rxc6 34. Bxc6 Qf6 35. Qd7+ Qf7 36. Qd8 h6 37. Bd5 Qf6 38. Qg8# {Black
checkmated} 1-0

[Event "Team 45 45 League T66"]
[Site "Internet Chess Club"]
[Date "2015.09.13"]
[Round "2"]
[White "RobertBuice"]
[Black "Conjurer"]
[Result "1-0"]
[WhiteElo "1185"]
[BlackElo "1251"]
[Opening "QGD"]
[ECO "A50"]
[Time "13:07:21"]
[TimeControl "2700+45"]

1. d4 Nf6 2. c4 d5 3. Nf3 e6 4. Bg5 Be7 5. Nc3 c5 6. e3 Nc6 7. cxd5 exd5 8. Bxf6
Bxf6 9. Bd3 cxd4 10. exd4 Nxd4 11. Nxd4 Bxd4 12. Qa4+ Bd7 13. Qxd4 Qe7+ 14. Qe3
d4 15. Qxe7+ Kxe7 16. Nd5+ Kd6 17. Nb4 Rhe8+ 18. Kd1 a5 19. Nc2 Kd5 20. Re1
Rxe1+ 21. Nxe1 Re8 22. Rc1 g6 23. Bc4+ Ke4 24. Bxf7 Re7 25. Bc4 b5 26. Bd3+ Kd5
27. b3 b4 28. Bc4+ Ke4 29. Bd3+ Kf4 30. Rc4 Bg4+ 31. Kd2 Ke5 32. Nf3+ Kd5 33.
Rxd4+ {Black resigns} 1-0

[Event "Team 45 45 League T66"]
[Site "Internet Chess Club"]
[Date "2015.09.14"]
[Round "2"]
[White "WzeroMN"]
[Black "bugeyes"]
[Result "0-1"]
[WhiteElo "1110"]
[BlackElo "1175"]
[Opening "Ruy Lopez: exchange variation"]
[ECO "C68"]
[Time "14:03:03"]
[TimeControl "2700+45"]

1. e4 e5 2. Nf3 Nc6 3. Bb5 a6 4. Bxc6 dxc6 5. h3 f6 6. O-O Be6 7. d3 Qd7 8. Nc3
Bd6 9. b3 Ne7 10. a4 O-O 11. Ba3 Bxa3 12. Rxa3 Ng6 13. Ne2 c5 14. Nh2 Rad8 15.
f3 f5 16. exf5 Bxf5 17. Ra1 Rf6 18. Nc3 c6 19. g4 Be6 20. Ne4 Rff8 21. Nxc5 Qd4+
22. Rf2 Qxc5 23. Kg2 Nf4+ 24. Kg3 Rfe8 25. Qf1 Bf7 26. Rd2 Ne6 27. Rad1 Nd4 28.
Qf2 Qd6 29. Qf1 e4+ 30. f4 e3 31. Rg2 e2 32. Rxe2 Nxe2+ 33. Kf2 Nd4 34. Re1
Qxf4+ 35. Kg2 Qxf1+ 36. Kxf1 Rxe1+ 37. Kxe1 Nxc2+ 38. Kd2 Nd4 39. Nf1 Bxb3 40.
Kc3 Bxa4 41. Nd2 Bb5 42. Nf1 Rf8 43. Ne3 Rf3 44. Kd2 Rxh3 45. Ke1 Rxe3+ 46. Kd2
Rxd3+ 47. Kc1 Rg3 48. Kd2 Rxg4 49. Ke3 h5 50. Kf2 h4 51. Ke1 h3 52. Kf2 Rg2+ 53.
Ke3 h2 54. Kf4 h1=Q 55. Ke5 Re2+ 56. Kd6 Qd5+ 57. Kc7 Re7+ 58. Kb6 Qd8+ 59. Kc5
Qd6+ 60. Kb6 g5 61. Ka7 Qc5+ 62. Kb8 Re8+ 63. Kc7 Re7+ 64. Kb8 b6 65. Ka8 Rd7
66. Kb8 Qf8# {White checkmated} 0-1

[Event "Team 45 45 League T66"]
[Site "Internet Chess Club"]
[Date "2015.09.11"]
[Round "2"]
[White "AVEMARIA"]
[Black "kidviper"]
[Result "1/2-1/2"]
[WhiteElo "1604"]
[BlackElo "1942"]
[Opening "Sicilian: Hungarian variation"]
[ECO "B27"]
[Time "15:04:56"]
[TimeControl "2700+45"]

1. e4 c5 2. Nf3 g6 3. c3 Bg7 4. Be2 Nc6 5. O-O d5 6. d3 e5 7. exd5 Qxd5 8. Be3
Nge7 9. Na3 b6 10. Ng5 O-O 11. Bf3 Qd7 12. Qe2 Ba6 13. Rfd1 h6 14. Ne4 f5 15.
Nxc5 bxc5 16. Bxc5 Rad8 17. Bxc6 Nxc6 18. Bxf8 Bxf8 19. Nc4 e4 20. dxe4 Qe6 21.
Rxd8 Bxc4 22. Rxf8+ Kxf8 23. Qe3 Kg7 24. exf5 Qxe3 25. fxe3 gxf5 26. b3 Be2 27.
Kf2 Bh5 28. Rc1 Ne5 29. Rc2 Ng4+ 30. Kg1 Nxe3 31. Rd2 Kf6 32. Rd6+ Kg5 33. h4+
Kxh4 34. Rxh6 Kg4 35. Rh7 a5 36. c4 f4 37. c5 Be8 38. Re7 Bc6 39. a3 Nc2 40.
Rg7+ Kf5 41. Ra7 Nxa3 42. Rxa5 Nb5 43. Kf2 Ke5 44. Ra6 Nd4 45. b4 Kd5 46. g3
fxg3+ 47. Kxg3 Kc4 48. Rb6 Bb5 49. Kf4 Kxb4 50. Rxb5+ Kxb5 51. Ke5 Kxc5 {Game
drawn because neither player has mating material} 1/2-1/2

[Event "Team 45 45 League T66"]
[Site "Internet Chess Club"]
[Date "2015.09.13"]
[Round "2"]
[White "kidcobra"]
[Black "whiskeytown"]
[Result "1-0"]
[WhiteElo "1787"]
[BlackElo "1576"]
[Opening "Trompowsky attack (Ruth, Opocenský opening)"]
[ECO "A45"]
[Time "14:06:14"]
[TimeControl "2700+45"]

1. d4 Nf6 2. Bg5 g6 3. Bxf6 exf6 4. e4 Bg7 5. f3 d5 6. c3 O-O 7. Bd3 Re8 8. Ne2
dxe4 9. fxe4 Nd7 10. O-O c5 11. Na3 cxd4 12. cxd4 Nb6 13. h3 Bd7 14. Rc1 Rc8 15.
Qd2 Bc6 16. d5 Nxd5 17. exd5 Qxd5 18. Nf4 Qd4+ 19. Qf2 f5 20. Nc4 b5 21. Na5 Bd7
22. Nb3 Qxb2 23. Qxb2 Bxb2 24. Rxc8 Rxc8 25. Nd5 Kg7 26. Rf2 Ba3 27. Rc2 Rxc2
28. Bxc2 Be6 29. Nc7 Bc4 30. Kf2 Kf6 31. Ke3 Ke5 32. Bd3 f4+ 33. Ke2 Bxd3+ 34.
Kxd3 b4 35. Nb5 Bb2 36. Nxa7 f3 37. g3 f2 38. Ke2 Bc3 39. Nc1 f5 40. Nd3+ Kd5
41. Nxf2 Bd4 42. Nb5 Bxf2 43. Kxf2 Kc4 44. Na7 Kc5 45. Kf3 Kb6 46. Nc8+ Ka5 47.
Ne7 Ka4 48. Kf4 Ka3 49. Nc6 Kxa2 50. Nxb4+ Kb3 51. Nd5 Kc4 52. Nf6 h6 53. Ng8
Kd5 54. Nxh6 Ke6 55. Kg5 {Black resigns} 1-0

[Event "Team 45 45 League T66"]
[Site "Internet Chess Club"]
[Date "2015.09.09"]
[Round "2"]
[White "Kingofknights"]
[Black "KidRattler"]
[Result "0-1"]
[WhiteElo "1529"]
[BlackElo "1747"]
[Opening "Dutch defense"]
[ECO "A91"]
[Time "19:54:16"]
[TimeControl "2700+45"]

1. d4 e6 2. c4 f5 3. g3 Be7 4. Bg2 Nf6 5. Nc3 O-O 6. Nh3 h6 7. Nf4 Qe8 8. O-O g5
9. Nd3 c6 10. b4 d5 11. cxd5 Nxd5 12. Nxd5 cxd5 13. Qb3 Bd7 14. a4 Bd6 15. Bxd5
exd5 16. Qxd5+ Qe6 17. Qxb7 Bc6 {White resigns} 0-1

[Event "Team 45 45 League T66"]
[Site "Internet Chess Club"]
[Date "2015.09.12"]
[Round "2"]
[White "BJJ"]
[Black "tightfist"]
[Result "1-0"]
[WhiteElo "1493"]
[BlackElo "1532"]
[Opening "KP: Nimzovich defense"]
[ECO "B00"]
[Time "22:06:30"]
[TimeControl "2700+45"]

1. e4 Nc6 2. d4 e5 3. dxe5 Nxe5 4. Nf3 Nxf3+ 5. Qxf3 Qf6 6. Qxf6 Nxf6 7. e5 Nd5
8. Bc4 Nb6 9. Bb3 Bc5 10. O-O O-O 11. Re1 Re8 12. Nd2 d6 13. Nf3 Bg4 14. Ng5 d5
15. h3 Bd7 16. Be3 Bxe3 17. Rxe3 h6 18. Nf3 c5 19. c3 Rad8 20. Rae1 Be6 21. R3e2
Re7 22. Nh2 Rde8 23. f4 Kh7 24. Bc2+ g6 25. g4 Nc4 26. Bb1 Kg7 27. f5 gxf5 28.
gxf5 Bxf5 29. Bxf5 Nxe5 30. Kh1 f6 31. Rg2+ Kh8 32. Reg1 Nf7 33. Ng4 Re1 34.
Nxf6 Rxg1+ 35. Rxg1 Rf8 36. Be6 Ng5 37. Nd7 Rd8 38. Bg4 b6 39. Rf1 Kg7 40. h4
Ne4 41. Kg2 Nd2 42. Rd1 Nc4 43. Re1 Nxb2 44. Re7+ Kg6 45. h5+ Kg5 46. Kg3 Rxd7
47. Rxd7 Na4 48. Rxd5+ Kf6 49. Rd6+ Kg5 50. Rg6# {Black checkmated} 1-0

[Event "Team 45 45 League T66"]
[Site "Internet Chess Club"]
[Date "2015.09.14"]
[Round "2"]
[White "primerpaso"]
[Black "Lrn2Mate"]
[Result "1-0"]
[WhiteElo "1851"]
[BlackElo "1602"]
[Opening "English: Bremen, Smyslov system"]
[ECO "A22"]
[Time "21:00:29"]
[TimeControl "2700+45"]

1. c4 e5 2. Nc3 Nf6 3. g3 Bb4 4. Bg2 O-O 5. e4 Bxc3 6. bxc3 d6 7. Ne2 Nbd7 8.
O-O Nc5 9. d3 Be6 10. Rb1 Rb8 11. f4 a6 12. Qc2 Bd7 13. h3 b5 14. fxe5 dxe5 15.
Ba3 Ne6 16. Bxf8 Qxf8 17. cxb5 Qc5+ 18. Kh2 axb5 19. Rfc1 Qb6 20. a4 Qa6 21.
axb5 Rxb5 22. Ra1 Qc8 23. Rcb1 Rxb1 24. Qxb1 Ng5 25. Ng1 c5 26. Ra7 h6 27. Qb7
Qxb7 28. Rxb7 Kf8 29. Nf3 Nxf3+ 30. Bxf3 Ke8 31. Kg2 Kd8 32. Kf2 Kc8 33. Ra7 Be6
34. Ra5 Nd7 35. Ra8+ Kb7 36. Rg8 g6 37. Bg4 Nf6 38. Rh8 Nxg4+ 39. hxg4 Bxg4 40.
Rxh6 Kc6 41. Ke3 Kd6 42. Rh7 Be6 43. Rh8 Kc6 44. Rb8 Kc7 45. Ra8 Kb7 46. Ra1 Kb6
47. Rh1 Kc6 48. Kf3 Kd6 49. g4 Kc6 50. Kg3 Kd6 51. Rh6 Kd7 52. Rh2 Kc6 53. Kh4
Kd6 54. Kg5 Ke7 55. Rf2 Bd7 56. Rb2 Be6 57. Rb7+ Kd6 58. Rb6+ Ke7 59. Rc6 c4 60.
dxc4 Kd7 61. Rc5 Kd6 62. Rd5+ Kc6 63. Rxe5 Bxc4 64. Kf6 Kd6 65. g5 Kc6 66. Re7
Kd6 67. Rxf7 {Black resigns} 1-0

[Event "Team 45 45 League T66"]
[Site "Internet Chess Club"]
[Date "2015.09.11"]
[Round "2"]
[White "clarinetref"]
[Black "gokuxxx"]
[Result "0-1"]
[WhiteElo "1626"]
[BlackElo "1503"]
[Opening "English opening"]
[ECO "A17"]
[Time "20:30:52"]
[TimeControl "2700+45"]

1. c4 Nf6 2. Nc3 e6 3. g3 Nc6 4. Bg2 Be7 5. Nf3 d5 6. cxd5 exd5 7. e3 O-O 8. O-O
Bf5 9. d4 a6 10. a3 Ne4 11. Qb3 Nxc3 12. Qxc3 Qd7 13. Ne5 Nxe5 14. dxe5 c6 15.
Rd1 Qe6 16. b4 a5 17. bxa5 Bd8 18. Bb2 Bxa5 19. Qd4 Qg6 20. Bc3 Bxc3 21. Qxc3 f6
22. e4 Bxe4 23. Bxe4 Qxe4 24. exf6 Rxf6 25. Re1 Qc4 26. Qe3 d4 27. Qe7 Rf7 28.
Qe4 Rd8 29. Qh4 Rdf8 30. Rf1 Qd5 31. Rad1 c5 32. a4 Rf6 33. Rb1 d3 34. a5 Re6
35. Qg4 Re2 36. Rbe1 h5 37. Qh3 Rfxf2 38. Rxe2 Rxe2 39. Qc8+ Kh7 40. Qf5+ Qxf5
41. Rxf5 d2 42. Rd5 Re1+ {White resigns} 0-1

[Event "Team 45 45 League T66"]
[Site "Internet Chess Club"]
[Date "2015.09.10"]
[Round "2"]
[White "QuieroAprender"]
[Black "tryanything"]
[Result "1-0"]
[WhiteElo "1785"]
[BlackElo "1590"]
[Opening "two knights defense: Fritz variation"]
[ECO "C57"]
[Time "19:03:36"]
[TimeControl "2700+45"]

1. e4 e5 2. Nf3 Nc6 3. Bc4 Nf6 4. Ng5 d5 5. exd5 Nd4 6. c3 b5 7. cxd4 bxc4 8.
Qa4+ Nd7 9. Ne4 exd4 10. Qxc4 Nb6 11. Qxd4 Qxd5 12. Qxd5 Nxd5 13. Nbc3 Nxc3 14.
dxc3 Bb7 15. f3 f5 16. Ng3 g6 17. Bf4 O-O-O 18. Rd1 Bc5 19. Bg5 Rhe8+ 20. Ne2
Rxd1+ 21. Kxd1 Ba6 22. Nf4 Bd6 23. Re1 Rxe1+ 24. Kxe1 Bxf4 25. Bxf4 Bc4 26. a4
a5 27. Kd2 Bb3 28. Kd3 Bxa4 29. Kc4 c6 30. b3 Bb5+ 31. Kc5 Bf1 32. Kxc6 Bxg2 33.
Kb5 Bxf3 34. Kxa5 Kb7 35. c4 h5 36. h4 Be2 37. Kb5 Bd1 38. b4 Be2 39. Kc5 Bd3
40. Kd5 Be2 41. Kc5 Bd3 42. b5 Be4 43. Kb4 Bf3 44. c5 Be2 45. c6+ Kc8 46. Kc5
Bf3 47. b6 {Black resigns} 1-0

[Event "Team 45 45 League T66"]
[Site "Internet Chess Club"]
[Date "2015.09.14"]
[Round "2"]
[White "PostMike"]
[Black "Andressa"]
[Result "1-0"]
[WhiteElo "1541"]
[BlackElo "1428"]
[Opening "Giuoco Piano"]
[ECO "C54"]
[Time "14:38:53"]
[TimeControl "2700+45"]

1. e4 e5 2. Nf3 Nc6 3. Bc4 Bc5 4. c3 Nf6 5. d3 O-O 6. b4 Bd6 7. O-O a6 8. Bg5
Re8 9. a3 h6 10. Bh4 Na7 11. Nbd2 c6 12. Qb3 Qe7 13. d4 b5 14. Bd3 Qe6 15. dxe5
Bxe5 16. Nxe5 Qxe5 17. Bg3 Qe6 18. c4 Bb7 19. c5 Qxb3 20. Nxb3 Nxe4 21. Bf4 Rad8
22. Rfe1 Nf6 23. Red1 Nc8 24. f3 d6 25. cxd6 Nxd6 26. Bxd6 Re3 27. Nc5 Rxd6 28.
Bh7+ Kxh7 29. Rxd6 Bc8 30. Rd8 Bf5 31. Nxa6 Nd5 32. Rd6 Rc3 33. Nc5 Ne3 34. Rxc6
Rc2 35. g4 Be6 36. Rd6 Bd5 37. Re1 Rg2+ 38. Kh1 Re2 39. Rxe2 Bxf3+ 40. Kg1 Bxe2
41. Kf2 Nc4 42. Rd7 Bxg4 43. Rxf7 Nxa3 44. Rb7 Kg6 45. Nb3 Bd1 46. Nd4 Ba4 47.
Ke2 Kf6 48. Kd3 g5 49. Rb6+ Kg7 50. Nf5+ {Black resigns} 1-0

[Event "Team 45 45 League T66"]
[Site "Internet Chess Club"]
[Date "2015.09.11"]
[Round "2"]
[White "NicoloPags"]
[Black "CaoCao"]
[Result "1/2-1/2"]
[WhiteElo "2099"]
[BlackElo "1940"]
[Opening "Queen's pawn game"]
[ECO "A46"]
[Time "15:08:26"]
[TimeControl "2700+45"]

1. d4 Nf6 2. Nf3 c5 3. e3 cxd4 4. exd4 g6 5. Bf4 Bg7 6. Bd3 O-O 7. O-O Nc6 8. c3
d6 9. Re1 Nh5 10. Bg5 h6 11. Be3 Bg4 12. h3 Bxf3 13. Qxf3 e5 14. dxe5 Nxe5 15.
Qe2 Qc7 16. Nd2 Rfe8 17. Rad1 a6 18. Bb1 Rad8 19. f4 Nc6 20. f5 d5 21. fxg6 fxg6
22. Bxg6 Nf6 23. Bxe8 Rxe8 24. Qf2 Ne4 25. Nxe4 dxe4 26. Qh4 Re6 27. Bf4 Qb6+
28. Kh2 Qxb2 29. Qg4 Qxa2 30. Rd8+ Nxd8 31. Rd1 Nc6 32. Rd7 Re7 33. Rxe7 Nxe7
34. Bxh6 Qf7 35. Bxg7 Qxg7 36. Qxe4 Ng6 37. g3 Qf7 38. h4 Ne7 39. Qxb7 Qf2+ 40.
Kh3 Qf1+ 41. Kh2 Qf2+ 42. Kh3 Qf1+ 43. Kh2 Qf2+ {Game drawn by repetition}
1/2-1/2

[Event "Team 45 45 League T66"]
[Site "Internet Chess Club"]
[Date "2015.09.13"]
[Round "2"]
[White "achessman"]
[Black "willhelm"]
[Result "0-1"]
[WhiteElo "1912"]
[BlackElo "1909"]
[Opening "Scandinavian: Pytel-Wade variation"]
[ECO "B01"]
[Time "22:01:02"]
[TimeControl "2700+45"]

1. e4 d5 2. exd5 Qxd5 3. Nc3 Qd6 4. d4 c6 5. Nf3 Bg4 6. Be2 e6 7. h3 Bh5 8. g4
Bg6 9. Ne5 Nd7 10. Nxg6 hxg6 11. Qd3 Ngf6 12. Be3 Nb6 13. O-O-O Nbd5 14. Ne4
Nxe4 15. Qxe4 Nxe3 16. fxe3 Qd5 17. Qxd5 exd5 18. Rdf1 Be7 19. Rf3 g5 20. Rhf1
Bf6 21. Kd2 Ke7 22. e4 dxe4 23. Re3 Kd7 24. Rh1 Rae8 25. c3 Bd8 26. Bf1 Bc7 27.
Kc2 Bf4 28. Re2 g6 29. Bg2 f5 30. Rg1 Re7 31. Bf1 Bc7 32. Bg2 Rhe8 33. Rf1 f4
34. Kd2 f3 35. Bxf3 exf3 36. Rxe7+ Rxe7 37. Rxf3 Bf4+ 38. Kd3 Re1 39. b3 Ra1 40.
a4 Rg1 41. Ke4 Rg3 {White resigns} 0-1

[Event "Team 45 45 League T66"]
[Site "Internet Chess Club"]
[Date "2015.09.14"]
[Round "2"]
[White "NAS"]
[Black "cityprosecutor"]
[Result "1-0"]
[WhiteElo "1788"]
[BlackElo "1798"]
[Opening "Pirc defense"]
[ECO "B07"]
[Time "20:01:08"]
[TimeControl "2700+45"]

1. e4 d6 2. d4 Nf6 3. Nc3 g6 4. f3 d5 5. e5 Nh5 6. Be3 c6 7. Qd2 Nd7 8. O-O-O b5
9. Nh3 Nb6 10. g4 Ng7 11. b3 h5 12. Rg1 Bd7 13. Bd3 hxg4 14. Nf4 Nf5 15. e6 Bxe6
16. Nxe6 fxe6 17. fxg4 Nxe3 18. Bxg6+ Kd7 19. Qxe3 Qc7 20. h3 a5 21. Rde1 Qd6
22. Bf7 Rh6 23. g5 Qa3+ 24. Kd2 Rh4 25. Bxe6+ Kd8 26. Bg4 a4 27. Rgf1 Rh8 28.
Rxf8+ Rxf8 29. g6 axb3 30. axb3 Qd6 31. Be6 Kc7 32. g7 Rg8 33. Qg5 Raf8 34. Bxg8
Rxg8 35. Rxe7+ Nd7 36. h4 Kb6 37. h5 Nf8 38. h6 Nh7 39. Qe3 Qh2+ 40. Ne2 Nf6 41.
Qf4 Ne4+ 42. Rxe4 {Black resigns} 1-0

[Event "Team 45 45 League T66"]
[Site "Internet Chess Club"]
[Date "2015.09.10"]
[Round "2"]
[White "Constrictor"]
[Black "Innes"]
[Result "1/2-1/2"]
[WhiteElo "1600"]
[BlackElo "1588"]
[Opening "Nimzovich-Larsen attack: modern variation"]
[ECO "A01"]
[Time "20:02:48"]
[TimeControl "2700+45"]

1. b3 e5 2. Bb2 Nc6 3. e3 f5 4. Bb5 d6 5. Qh5+ g6 6. Qe2 Qg5 7. f4 Qe7 8. Nf3
Bg7 9. d3 e4 10. Nd4 Bd7 11. dxe4 fxe4 12. c4 h5 13. Nxc6 bxc6 14. Ba4 Nh6 15.
Nc3 Nf5 16. O-O-O O-O 17. Rhg1 Rad8 18. Rde1 Nh4 19. Qc2 Rde8 20. Ne2 Rf5 21.
Bxg7 Qxg7 22. Nd4 Ra5 23. Bxc6 Bxc6 24. Nxc6 Ra6 25. Nd4 c5 26. Nb5 Qa1+ 27. Qb1
Rxa2 28. Qxa1 Rxa1+ 29. Kb2 Rxe1 30. Rxe1 Nxg2 31. Re2 Nh4 32. Nxa7 Nf5 33. Nb5
Ra8 34. Nc7 Ra7 35. Nd5 Kg7 36. Nc3 Re7 37. Nd5 Ra7 38. Nc3 Re7 39. Nd5 {Game
drawn by mutual agreement} 1/2-1/2

[Event "Team 45 45 League T66"]
[Site "Internet Chess Club"]
[Date "2015.09.09"]
[Round "2"]
[White "ChessHouston"]
[Black "fhunfi"]
[Result "1-0"]
[WhiteElo "1928"]
[BlackElo "1815"]
[Opening "French: Winawer, advance variation"]
[ECO "C18"]
[Time "20:00:31"]
[TimeControl "2700+45"]

1. e4 e6 2. d4 d5 3. Nc3 Bb4 4. e5 c5 5. a3 Bxc3+ 6. bxc3 Qa5 7. Bd2 Qa4 8. Qg4
g6 9. Qd1 c4 10. h4 h6 11. g4 Nc6 12. f4 Bd7 13. Bg2 Nge7 14. Ne2 O-O-O 15. Ng3
Rdg8 16. Bf3 Rh7 17. Kf2 Rf8 18. f5 Kb8 19. Qc1 Rfh8 20. f6 Nc8 21. Ne2 Nb6 22.
Nf4 Rg8 23. Qb2 Bc8 24. Rag1 Qa5 25. a4 Rd8 26. Ke2 Bd7 27. h5 g5 28. Ng6 Be8
29. Ne7 Nxe7 30. fxe7 Rd7 31. Qa3 Qxa4 32. Qb2 Rxe7 33. Ra1 Qd7 34. Qa3 Na4 35.
Rhb1 Qc7 36. Rb4 Rh8 37. Rxa4 Bxa4 38. Qxa4 b6 39. Bc1 Qd7 40. Qb4 Ree8 41. Ba3
Rc8 42. Qb2 Rc6 43. Bb4 Rh7 44. Bg2 Qd8 45. Qa3 Qd7 46. Rf1 Kb7 47. Rf6 Rc8 48.
Bf8 a5 49. Bxh6 Rg8 50. Qc1 a4 51. Bxg5 Rhg7 52. Qf1 a3 53. Bh3 a2 54. Bh6 Rh7
55. Kd2 Ra8 56. Qa1 Qb5 57. Be3 Qb1 58. Rf1 Qb5 59. h6 Ra3 60. g5 Qa5 61. Bxe6
fxe6 62. g6 Rh8 63. g7 Ra8 64. h7 Rxc3 65. Qxc3 a1=Q 66. Rxa1 {Black resigns}
1-0

[Event "Team 45 45 League T66"]
[Site "Internet Chess Club"]
[Date "2015.09.13"]
[Round "2"]
[White "Signalman"]
[Black "Timotheous"]
[Result "1/2-1/2"]
[WhiteElo "1803"]
[BlackElo "1802"]
[Opening "Queen's pawn game"]
[ECO "A46"]
[Time "11:34:51"]
[TimeControl "2700+45"]

1. d4 Nf6 2. Nf3 c5 3. c3 Qc7 4. e3 g6 5. Be2 Bg7 6. O-O O-O 7. d5 d6 8. c4 Nbd7
9. Nc3 a6 10. a4 Re8 11. e4 Nf8 12. h3 h6 13. Qc2 e6 14. Bd2 e5 15. Qc1 Kh7 16.
Re1 Bd7 17. b3 g5 18. Nh2 Ng6 19. Qd1 Nf4 20. Bf3 Qc8 21. Bg4 Bxg4 22. hxg4 Ng6
{Game drawn by mutual agreement} 1/2-1/2

[Event "Team 45 45 League T66"]
[Site "Internet Chess Club"]
[Date "2015.09.12"]
[Round "2"]
[White "idjit"]
[Black "LiangLiang"]
[Result "0-1"]
[WhiteElo "1555"]
[BlackElo "1926"]
[Opening "Sicilian: closed"]
[ECO "B23"]
[Time "12:49:53"]
[TimeControl "2700+45"]

1. e4 c5 2. Nc3 e6 3. f4 Nc6 4. Nf3 g6 5. Bb5 Nge7 6. O-O Bg7 7. d3 O-O 8. Qe1
d5 9. Qg3 a6 10. Bxc6 Nxc6 11. f5 dxe4 12. fxg6 exf3 13. gxh7+ Kh8 14. Rxf3 Nd4
15. Rf2 Nf5 16. Qg4 Bd4 {White resigns} 0-1

[Event "Team 45 45 League T66"]
[Site "Internet Chess Club"]
[Date "2015.09.12"]
[Round "2"]
[White "TerryMalloy"]
[Black "Otelo"]
[Result "1-0"]
[WhiteElo "1995"]
[BlackElo "1864"]
[Opening "Sicilian defense"]
[ECO "B40"]
[Time "09:05:06"]
[TimeControl "2700+45"]

1. e4 c5 2. Nf3 e6 3. b4 Qc7 4. bxc5 Bxc5 5. d4 Bb4+ 6. c3 Bxc3+ 7. Nxc3 Qxc3+
8. Bd2 Qc7 9. Rc1 Qd8 10. Qc2 Nc6 11. d5 Nce7 12. d6 Nc6 13. e5 b6 14. Bd3 h6
15. O-O Bb7 16. a4 Rc8 17. Qb2 f6 18. a5 fxe5 19. a6 Ba8 20. Bg6+ Kf8 21. Nxe5
Nxe5 22. Qxe5 Nf6 23. f4 Rc5 24. Rxc5 bxc5 25. f5 Bd5 26. fxe6 dxe6 27. Ba5 Qxa5
28. Rxf6+ Kg8 29. Rf8+ Kxf8 30. Qf4+ {Black resigns} 1-0

[Event "Team 45 45 League T66"]
[Site "Internet Chess Club"]
[Date "2015.09.14"]
[Round "2"]
[White "bobhill"]
[Black "CaptK"]
[Result "1-0"]
[WhiteElo "1986"]
[BlackElo "1905"]
[Opening "King's Indian: Torre attack"]
[ECO "A48"]
[Time "23:00:40"]
[TimeControl "2700+45"]

1. d4 Nf6 2. Nf3 g6 3. Bg5 Bg7 4. Nbd2 d6 5. e4 O-O 6. c3 h6 7. Bh4 Nbd7 8. Bc4
e5 9. dxe5 dxe5 10. O-O a6 11. a3 b5 12. Ba2 Qe8 13. Re1 Nc5 14. Qc2 Bb7 15. b4
Ne6 16. Nxe5 Nxe4 17. Nxe4 Bxe5 18. Nc5 Nxc5 19. Qxg6+ Kh8 20. Qxh6+ Kg8 21.
Qg5+ Kh8 22. Rxe5 Qc6 23. Qh5+ Kg7 24. Rg5+ Qg6 25. Rxg6+ fxg6 26. Qxc5 {Black
resigns} 1-0

[Event "Team 45 45 League T66"]
[Site "Internet Chess Club"]
[Date "2015.09.13"]
[Round "2"]
[White "Beetlejuice"]
[Black "Gojira"]
[Result "1-0"]
[WhiteElo "1826"]
[BlackElo "1652"]
[Opening "QGD Slav: 4.e3 Bf5"]
[ECO "D12"]
[Time "14:31:48"]
[TimeControl "2700+45"]

1. d4 d5 2. c4 c6 3. Nf3 Nf6 4. e3 Bf5 5. Nc3 e6 6. Nh4 Bg4 7. Qb3 Qb6 8. h3
Qxb3 9. axb3 Bh5 10. g4 Bg6 11. Nxg6 hxg6 12. Bg2 Bb4 13. Bd2 Nbd7 14. O-O Bxc3
15. Bxc3 Ne4 16. f4 Nxc3 17. bxc3 dxc4 18. bxc4 Nb6 19. Rfb1 Nxc4 20. Rxb7 Nxe3
21. Bxc6+ Kf8 22. Rab1 Rxh3 23. Rd7 Rc8 24. Rbb7 Nxg4 25. Rxf7+ Kg8 26. Rxg7+
Kh8 27. Kg2 Rh2+ 28. Kg3 Rxc6 29. Kxg4 Rxc3 30. Rge7 Rg2+ 31. Kh4 Rh2+ 32. Kg5
Rg2+ 33. Kf6 Rc8 34. Rh7+ {Black resigns} 1-0

[Event "Team 45 45 League T66"]
[Site "Internet Chess Club"]
[Date "2015.09.13"]
[Round "2"]
[White "jjimalo"]
[Black "swagnik"]
[Result "0-1"]
[WhiteElo "1895"]
[BlackElo "1763"]
[Opening "Benoni: classical, 9.O-O"]
[ECO "A73"]
[Time "13:02:50"]
[TimeControl "2700+45"]

1. d4 Nf6 2. Nf3 c5 3. d5 e6 4. c4 exd5 5. cxd5 d6 6. Nc3 g6 7. e4 Bg7 8. Be2
O-O 9. O-O Bg4 10. h3 Bd7 11. a4 Re8 12. Qc2 Qc8 13. Kh2 b6 14. Bf4 Bf8 15. Rfe1
Na6 16. Bxa6 Qxa6 17. b3 Nh5 18. Be3 f5 19. exf5 Bxf5 20. Qd2 Nf6 21. Bh6 Qd3
22. Bxf8 Qxd2 23. Nxd2 Rxe1 24. Rxe1 Rxf8 25. g4 Bd3 26. Kg3 Re8 27. Re3 Rxe3+
28. fxe3 h6 29. h4 g5 30. hxg5 hxg5 31. Kf3 Kf7 32. Nc4 Ke7 33. Nd2 a6 34. e4
Bc2 35. Ne2 Bd1 36. Kf2 Nxg4+ 37. Ke1 Bc2 38. Ng3 Kf6 39. Ke2 Ke5 40. Nc4+ Kf4
41. Nf5 Kxe4 42. Nfxd6+ Kxd5 43. Nf7 Bxb3 44. Nxb6+ Kc6 45. a5 Bxf7 {White
resigns} 0-1

[Event "Team 45 45 League T66"]
[Site "Internet Chess Club"]
[Date "2015.09.12"]
[Round "2"]
[White "wildkingdumb4"]
[Black "MikeTtheGuru"]
[Result "0-1"]
[WhiteElo "1740"]
[BlackElo "2011"]
[Opening "Caro-Kann: Panov-Botvinnik attack, 5...g6"]
[ECO "B14"]
[Time "10:00:10"]
[TimeControl "2700+45"]

1. e4 c6 2. d4 d5 3. exd5 cxd5 4. c4 Nf6 5. Nc3 g6 6. Qb3 Bg7 7. cxd5 O-O 8. Be2
Nbd7 9. Bf3 Nb6 10. Nge2 Bg4 11. Bxg4 Nxg4 12. a4 Nf6 13. Nf4 g5 14. Nd3 Nfxd5
15. Bxg5 Bxd4 16. Rd1 Nxc3 17. bxc3 Bg7 18. a5 Qd5 19. Qxd5 Nxd5 20. c4 Nc3 21.
Rc1 Ne4 22. O-O {White resigns} 0-1